 Dungeon Crawl Stone Soup version 0.31-a0-819-gf6de2f5ab6 (webtiles) character file.

Game seed: 6054722028774926213

51 qw the Shooter (level 3, -4/23 HPs)
             Began as a Gargoyle Hunter on Sept 23, 2023.
             Killed by divine providence
             ... invoked by an orc priest
              (15 damage)
             ... on level 3 of the Dungeon.
             The game lasted 00:00:32 (1345 turns).

qw the Shooter (Gargoyle Hunter)                    Turns: 1345, Time: 00:00:33

Health: -4/23      AC:  6    Str: 14    XL:     3   Next: 83%
Magic:  3/3        EV: 11    Int:  9    God:
Gold:   94         SH:  0    Dex: 15    Spells: 2/2 levels left

rFire   . . .        Y - +0 shortbow
rCold   . . .        (shield currently unavailable)
rNeg    + . .        c - +0 leather armour
rPois   inf          (no helmet)
rElec   +            (no cloak)
rCorr   .            (no gloves)
SInv    .            (no boots)
Will    .....        d - amulet of faith
Stlth   ++           (no ring)
HPRegen 0.23/turn    (no ring)
MPRegen 0.08/turn

%: faith
@: no status effects
A: sickness immunity, AC +3, negative energy resistance 1, electricity
resistance, torment resistance 1, petrification resistance
a: no special abilities


You were on level 3 of the Dungeon.
You visited 1 branch of the dungeon, and saw 3 of its levels.

You collected 94 gold pieces.


Innate Abilities, Weirdness & Mutations

You are immune to sickness and miasma.
Your stone body is resilient. (AC +3)
You are immune to poison.
You resist negative energy. (rN+)
You are resistant to electric shocks. (rElec)
You are resistant to unholy torment.
You are immune to petrification.


   Skills:
 - Level 3.0 Fighting
 + Level 5.0 Ranged Weapons
 - Level 1.5 Dodging
 - Level 1.1 Stealth


You had 2 spell levels left.
You didn't know any spells.
Your spell library was empty.

Inventory:

Hand Weapons
 Y - a +0 shortbow (weapon)
Armour
 c - a +0 leather armour (worn)
Jewellery
 d - an amulet of faith (around neck)
Scrolls
 e - 4 scrolls of teleportation
Potions
 f - a potion of enlightenment
 g - a potion of curing
 i - a potion of heal wounds {unknown}

Dungeon Overview and Level Annotations

Branches:
Dungeon (3/15)

Altars:


Message History

The worm is almost dead.
You shoot an arrow. The arrow hits the worm.
You kill the worm!
Your Fighting skill increases to level 3!
Done exploring.
What level of the Dungeon? (default 3, ? - help)
There is a stone staircase leading down here.
You climb downwards.
There is a stone staircase leading up here.
Waypoint 2 assigned to D:3.
Found a stone staircase leading up.
You now have 94 gold pieces (gained 10).
There is a stone staircase leading up here.
A bat and an orc priest come into view.
The orc priest shouts!
You hear a shout!
You shoot an arrow. The arrow hits the orc priest.
The orc priest is lightly wounded.
An orc wizard comes into view. It is wielding a +0 dagger.
The orc priest invokes the aid of Beogh against you.
Beogh smites you!
Ouch! That really hurt!
You hear a shout!
1340 ||| FLEEEEING.
The orc wizard gestures wildly while chanting.
The orc wizard flickers and vanishes!
Deactivating autopickup; reactivate with Ctrl-A.
You hear a shout!
You shoot an arrow. The arrow barely misses the bat.
The bat hits you.
1342 ||| FLEEEEING.
You shoot an arrow. The arrow misses the bat.
The bat hits you but does no damage.
You shoot an arrow. The arrow hits the bat.
You kill the bat!
You shoot an arrow. The arrow hits the orc priest.
The orc priest is heavily wounded.
The orc priest calls down the wrath of Beogh upon you.
Beogh smites you!
Ouch! That really hurt!
You die...

#### ..# #.#
##.########
#
#....o....#
#.
#.@###......
#. #.<#
##...
#.###..# .
#......#
##.#..##
##.### #.#
#.# #.#


You could see an orc priest.

Vanquished Creatures
  A worm (D:2)
  2 dart slugs
  3 endoplasms
  3 giant cockroaches
  3 goblins
  4 hobgoblins (D:1)
  3 jackals (D:2)
  2 quokkas
  4 ball pythons
  7 bats
  2 frilled lizards (D:1)
  4 kobolds
  2 rats (D:1)
40 creatures vanquished.

Notes
Turn   | Place    | Note
-------+----------+-------------------------------------------
     0 | D:1      | qw the Gargoyle Hunter began the quest for the Orb.
     0 | D:1      | Reached XP level 1. HP: 12/12 MP: 1/1
     0 | D:1      | 0 ||| qw: Version: 0.3-a-83-gcd0e7d8
     0 | D:1      | 0 ||| qw: Game counter: 1407
     0 | D:1      | 0 ||| qw: Melee chars always use a shield: true
     0 | D:1      | 0 ||| qw: God list: Okawaru
     0 | D:1      | 0 ||| qw: Allow faded altars: false
     0 | D:1      | 0 ||| qw: Do Orc after clearing Dungeon:15 true
     0 | D:1      | 0 ||| qw: Do second Lair branch before Depths: true
     0 | D:1      | 0 ||| qw: Lair rune preference: random
     0 | D:1      | 0 ||| qw: Goals: Normal
     0 | D:1      | 0 ||| PLANNING D:1-11
   135 | D:1      | Reached XP level 2. HP: 17/17 MP: 2/2
   339 | D:1      | Reached XP level 3. HP: 21/21 MP: 3/3
   429 | D:1      | Reached skill level 5 in Ranged Weapons
   527 | D:1      | 527 ||| READING scroll labelled DUDIAR GAEFF.
   528 | D:1      | 528 ||| READING scroll labelled IWKACISATI.
   533 | D:1      | 533 ||| READING scroll labelled KIAREL FEIT.
   534 | D:1      | 534 ||| READING scroll labelled NUINOXK VIKHLE.
   535 | D:1      | 535 ||| READING scroll labelled RUGAEVEOPS.
   536 | D:1      | 536 ||| DROPPING scroll of butterflies.
   967 | D:2      | HP: 4/22 [worm (8)]
   968 | D:2      | 968 ||| READING 5 scrolls of teleportation.
  1212 | D:2      | 1212 ||| UPGRADING to amulet of faith.
  1217 | D:2      | 1217 ||| READING scroll labelled EDINIUWEMA.
  1218 | D:2      | 1218 ||| READING scroll labelled CIBYZE BIMIOGH.
  1219 | D:2      | 1219 ||| DRINKING 2 amethyst potions.
  1220 | D:2      | 1220 ||| DRINKING 2 ruby potions.
  1279 | D:2      | Reached skill level 3 in Fighting
  1340 | D:3      | 1340 ||| FLEEEEING.
  1342 | D:3      | 1342 ||| FLEEEEING.
  1345 | D:3      | Killed from afar by an orc priest

Levels and vault maps discovered:
D:1:      saegor_arrival_simple_a, layout_basic
D:2:      layout_basic
D:3:      layout_loops_corners

Skill      XL: |  1  2  3 |
---------------+----------+-----
Ranged Weapons | 5 |  5.0
Fighting       | 3 |  3.0
Dodging        | |  1.5
Stealth        | |  1.1

Action                     || total
---------------------------++-------
   Fire: Shortbow          ||   125
    Use: Scroll            ||     8
         Potion            ||     2
 Armour: Leather armour    ||    27
  Dodge: Dodged            ||    31

Table legend:
 A = Non-vault XP
 B = Vault XP
 C = Vault XP percentage of total XP
 D = Non-vault monster count
 E = Vault monster count
 F = Vault count percentage of total count
                 A         B        C        D         E       F
            +---------+---------+-------+---------+---------+-------
      Total |      74 |       0 |   0.0 |      40 |       0 |   0.0
            +---------+---------+-------+---------+---------+-------
        D:1 |      42 |       0 |   0.0 |      25 |       0 |   0.0
        D:2 |      31 |       0 |   0.0 |      14 |       0 |   0.0
        D:3 |       1 |       0 |   0.0 |       1 |       0 |   0.0
            +---------+---------+-------+---------+---------+-------
